 Dungeon Crawl Stone Soup version 0.27-a0-1532-gca18f49f40 (webtiles) character file.

Game seed: 1180836386727470719

71 karkarkar the Chopper (level 4, 0/41 HPs)
             Began as a Minotaur Berserker on July 12, 2021.
             Was a Believer of Trog.
             Slain by a gnoll (7 damage)
             ... on level 2 of the Dungeon.
             The game lasted 00:03:03 (1866 turns).

karkarkar the Chopper (Minotaur Berserker)          Turns: 1866, Time: 00:03:03

Health: 0/41       AC:  3    Str: 21    XL:     4   Next: 5%
Magic:  3/3        EV: 12    Int:  4    God:    Trog [**....]
Gold:   33         SH:  0    Dex: 11    Spells: 3/3 levels left

rFire    . . .     SeeInvis .   h - +1 mace (venom)
rCold    . . .     Faith    .   (no shield)
rNeg     . . .     Spirit   .   b - +0 animal skin
rPois    .         Reflect  .   (helmet restricted)
rElec    .         Harm     .   (no cloak)
rCorr    .         Rampage  .   (no gloves)
Will     .....                  k - +0 pair of boots
Stlth    +.........             n - amulet of the acrobat
HPRegen  0.13/turn              (no ring)
MPRegen  0.08/turn              (no ring)

@: no status effects
A: horns 2, retaliatory headbutt
a: Renounce Religion, Berserk, Trog's Hand


You were on level 2 of the Dungeon.
You worshipped Trog.
Trog was pleased with you.
You visited 1 branch of the dungeon, and saw 2 of its levels.

You collected 33 gold pieces.

Inventory:

Hand Weapons
 a - a +0 hand axe
 h - a +1 mace of venom (weapon)
Missiles
 i - 2 throwing nets (quivered)
Armour
 b - a +0 animal skin (worn)
 k - a +0 pair of boots (worn)
Jewellery
 n - an amulet of the acrobat (around neck)
Wands
 m - a wand of charming (9)
Scrolls
 c - 2 scrolls of amnesia {unknown}
 d - a scroll of teleportation {unknown}
 f - a scroll of enchant armour {unknown}
 g - a scroll of noise {unknown}
 l - a scroll of identify {unknown}
Potions
 e - a potion of attraction
 j - a potion of resistance {unknown}


   Skills:
 + Level 4.3 Fighting
 + Level 4.8 Axes
 + Level 2.7 Armour
 + Level 2.8 Dodging
 + Level 0.2 Stealth


You had 3 spell levels left.
You didn't know any spells.
Your spell library was empty.

Dungeon Overview and Level Annotations

Branches:
Dungeon (2/15)

Altars:

Annotations:
D:2 1 runed translucent door, Crazy Yiuf


Innate Abilities, Weirdness & Mutations

You have a pair of horns on your head.
You reflexively headbutt those who attack you in melee.


Message History

The gnoll hits you with a +0 spear. The gnoll closely misses you.
The kobold closely misses you.
You hit the gnoll.
You kill the gnoll!
Trog accepts your kill. The gnoll barely misses you.
The kobold closely misses you.
You have reached level 4!
You feel agile.
You barely miss the kobold. You headbutt the kobold.
You kill the kobold!
Trog accepts your kill.
The gnoll hits you from afar with a +0 spear.
A gnoll comes into view. It is wielding a +0 spear.
The gnoll closely misses you. You furiously retaliate!
You headbutt the gnoll. You hit the gnoll.
The gnoll is moderately wounded.
The gnoll hits you with a +0 spear.
The gnoll hits you from afar with a +0 spear.
You are too injured to fight recklessly!
You are too injured to fight recklessly!
You are too injured to fight recklessly!
You are too injured to fight recklessly!
You are too injured to fight recklessly!
You are too injured to fight recklessly!
You hit the gnoll.
The gnoll is poisoned.
The gnoll is moderately wounded.
The gnoll hits you with a +0 spear.
The gnoll hits you from afar with a +0 spear.
The gnoll hits you with a +0 spear.
You hit the gnoll.
The gnoll looks as sick as possible!
Your headbutt misses the gnoll.
The gnoll is almost dead.
The gnoll hits you from afar with a +0 spear.
The gnoll hits you with a +0 spear!
* * * LOW HITPOINT WARNING * * *
You barely miss the gnoll. You headbutt the gnoll.
You kill the gnoll!
Trog accepts your kill.
The gnoll hits you from afar with a +0 spear!
You die...

#.#..#.# #.##...##
#.#.##.### #.......#.
#.#.##...#######.##.#.##
#.#.......?# #.##.#...
#.#.###....#####.##.# ..
#..............#.##.# ..
#.................#.###.
##..###.).#... ####.....
#.....@)$# #####.
######)..# #... g####
#.#. .. #.#. ... ##.#.
.... #.... #.... #....
#.... #.### #.# #


You could see a gnoll.

Vanquished Creatures
  2 adders (D:2)
  2 gnolls (D:2)
  A worm (D:2)
  4 endoplasms (D:1)
  5 giant cockroaches (D:1)
  4 goblins
  3 hobgoblins
  A quokka (D:1)
  3 bats
  A frilled lizard (D:1)
  8 kobolds
  5 rats (D:1)
39 creatures vanquished.

Vanquished Creatures (others)
  7 plants
7 creatures vanquished.

Grand Total: 46 creatures vanquished

Notes
Turn   | Place    | Note
-------+----------+-------------------------------------------
     0 | D:1      | karkarkar the Minotaur Berserker began the quest for the
                  | Orb.
     0 | D:1      | Reached XP level 1. HP: 19/19 MP: 0/0
   355 | D:1      | Reached XP level 2. HP: 27/27 MP: 1/1
   737 | D:1      | Reached XP level 3. HP: 25/33 MP: 2/2
  1251 | D:2      | Found a runed translucent door.
  1252 | D:2      | Noticed Crazy Yiuf
  1709 | D:2      | Reached ** piety under Trog
  1861 | D:2      | Reached XP level 4. HP: 30/41 MP: 3/3
  1866 | D:2      | Slain by a gnoll

Illustrated notes

Levels and vault maps discovered:
D:1:      dpeg_arrival_tiny_k, layout_loops_corners, serial_forest,
          infiniplex_forest_clump_small, infiniplex_forest_end_3,
          infiniplex_forest_clump_diagonal, infiniplex_forest_end_double,
          chequers_garden, minmay_pentomino_v4
D:2:      layout_basic, shapermc_ecumenical_altar_mp_urbaneastern,
          uniq_crazy_yiuf_cottage

Skill      XL: |  1  2 |
---------------+-------+-----
Axes           | 4 |  4.8
Fighting       | 4 |  4.3
Armour         | |  2.7
Dodging        | |  2.8
Stealth        | |  0.2

Action                   |  1- 3 |  4- 6 || total
-------------------------+-------+-------++-------
Melee: Hand axe          |    38 |       ||    38
       Headbutt          |    14 |     2 ||    16
       Mace              |    27 |     5 ||    32
  Use: Scroll            |     1 |       ||     1
       Potion            |     1 |       ||     1
 Stab: Sleeping          |     2 |       ||     2
Armor: Animal skin       |    12 |       ||    12
Dodge: Dodged            |    36 |     1 ||    37

Table legend: (Time is in decaauts)
 A = Elapsed time spent in this place.
 B = Non-inter-level travel time spent in this place.
 C = Inter-level travel time spent in this place.
 D = Time resting spent in this place.
 E = Time spent auto-exploring this place.
 F = Levels seen in this place.
 G = Mean time per level.
                   A        B        C        D        E       F      G
               +--------+--------+--------+--------+--------+-----+--------+
         Total |   1877 |   1853 |     24 |      0 |   1582 |   2 |  938.5 |
       Dungeon |   1877 |   1853 |     24 |      0 |   1582 |   2 |  938.5 |
               +--------+--------+--------+--------+--------+-----+--------+

Top non-repeatable levels by time:
     D:1: 1164 daAuts
     D:2: 713 daAuts
